 Dungeon Crawl Stone Soup version 0.27-a0-65-gfb268537a3 (webtiles) character file.

Game seed: 6478957747479922592

10740 hehateme the Fighter (level 11, -2/99 HPs)
             Began as a Black Draconian Conjurer on Jan 9, 2021.
             Was an Elder of Vehumet.
             Slain by Snorg (5 damage)
             ... on level 11 of the Dungeon.
             The game lasted 00:38:59 (19186 turns).

hehateme the Fighter (Black Draconian Conjurer)    Turns: 19186, Time: 00:38:59

Health: -2/99      AC: 10    Str:  9    XL:     11   Next: 40%
Magic:  2/23       EV: 12    Int: 21    God:    Vehumet [****..]
Gold:   343        SH:  5    Dex: 11    Spells: 7/27 levels left

rFire    + + .     SeeInvis +   v - +7 quarterstaff "Wiavveiz" {drain, rF++ Will+ Dex-3}
rCold    + . .     Faith    .   (shield currently unavailable)
rNeg     . . .     Spirit   .   (armour unavailable)
rPois    .         Reflect  +   (helmet restricted)
rElec    +         Harm     .   h - scarf {shadows}
rCorr    .         Rampage  .   k - +2 pair of gloves {Dex+3}
Will     +....                  (no boots)
Stlth    ++........             w - amulet of reflection
HPRegen  0.26/turn              S - ring of see invisible
MPRegen  0.18/turn              I - ring of protection from cold

@: studying Axes
A: breathe lightning, unfitting armour, electricity resistance, cold-blooded, AC
+7
a: Breathe Lightning, Renounce Religion


You were on level 11 of the Dungeon.
You worshipped Vehumet.
Vehumet was greatly pleased with you.
You visited 2 branches of the dungeon, and saw 12 of its levels.
You also visited: Ossuary and Bailey.

You collected 530 gold pieces.
You spent 187 gold pieces at shops.

Inventory:

Hand Weapons
 m - a +1 dagger
 v - the +7 quarterstaff "Wiavveiz" (weapon) {drain, rF++ Will+ Dex-3}
   (You found it on level 4 of the Dungeon)

   A truly terrible weapon, it drains the life of those it strikes.
   It affects your dexterity (-3).
   It greatly protects you from fire.
   It affects your willpower, your defense against some magical effects.
Missiles
 c - 212 arrows
 e - 41 sling bullets
 j - 298 stones
 o - 9 boomerangs (quivered)
 p - 5 silver javelins
 x - 11 poisoned darts
 B - 10 atropa-tipped darts
 Q - 140 bolts
Armour
 g - a +0 kite shield
 h - a scarf of shadows (worn)
 k - a +2 pair of gloves of dexterity (worn)
Jewellery
 a - an uncursed ring of attention
 r - an uncursed amulet of inaccuracy
 w - an amulet of reflection (around neck)
 H - a +6 ring of dexterity
 I - a ring of protection from cold (right hand)
 P - a +6 ring of intelligence
 S - a ring of see invisible (left hand)
Wands
 f - a wand of flame (10)
 q - a wand of polymorph (5)
 D - a wand of digging (4)
 U - a wand of paralysis (6)
Scrolls
 i - 6 scrolls of identify
 t - 4 scrolls of teleportation
 u - 3 scrolls of vulnerability {unknown}
 y - 3 scrolls of immolation {!r}
 C - 4 scrolls of enchant weapon
 F - a scroll of remove curse
 N - 2 scrolls of fear {unknown}
 O - a scroll of random uselessness {unknown}
 T - a scroll of magic mapping {!r}
Potions
 b - 2 potions of brilliance
 d - 2 potions of resistance
 l - 2 potions of mutation {!q}
 n - 2 potions of heal wounds
 s - a potion of ambrosia {unknown}
 z - 2 potions of cancellation
 A - 3 potions of might
 E - 4 potions of flight {unknown}
 K - 4 potions of curing {unknown}
 L - a potion of berserk rage {unknown}
 M - 2 potions of attraction {unknown}
Books
 G - a manual of Axes {!d}
Miscellaneous
 R - a phial of floods (inert)


   Skills:
 + Level 9.8 Fighting
 - Level 1.7 Dodging
 - Level 1.7 Stealth
 + Level 8.5 Spellcasting
 - Level 9.6 Conjurations
 - Level 2.1 Hexes
 - Level 6.0 Translocations
 * Level 8.3 Air Magic


You had 7 spell levels left.
You knew the following spells:

 Your Spells              Type           Power        Failure   Level
a - Magic Dart            Conj           96%          1%          1
b - Searing Ray           Conj           48%          1%          2
c - Shock                 Conj/Air       92%          1%          1
d - Fulminant Prism       Conj/Hex       8%           1%          4
e - Airstrike             Air            10%          1%          4
s - Sticky Flame          Conj/Fire      14%          3%          4
x - Iskenderun's Mystic   Conj/Tloc      20%          1%          4

Your spell library contained the following spells:

 Spells                   Type           Power        Failure   Level
 Apportation              Tloc           34%          1%          1
 Dazzling Flash           Conj/Hex       32%          1%          3
 Corona                   Hex            8%           3%          1
 Animate Skeleton         Necr           8%           8%          1
 Summon Small Mammal      Summ           16%          8%          1
 Ensorcelled Hibernation  Hex/Ice        12%          8%          2
 Confusing Touch          Hex            8%           10%         3
 Tukima's Dance           Hex            8%           10%         3


Dungeon Overview and Level Annotations

Branches:
Dungeon (11/15)            Temple (1/1) D:6             Orc (0/2) D:9
Ossuary (visited)          Bailey (visited)
   Lair: D:8-11

Altars:
Ashenzari
Cheibriados
Dithmenos
Elyvilon
Fedhas
Gozag
Hepliaklqana
Kikubaaqudgha
Okawaru
Ru
Sif Muna
Trog
Uskayaw
Vehumet
Wu Jian
Xom
Yredelemnul
Zin
The Shining One

Shops:
D:10 *

Annotations:
D:4 Blork the orc
D:5 1 exclusion
D:8 exclusions: centaur warrior and two-headed ogre
D:9 2 runed translucent doors
D:10 exclusions: downstairs and two-headed ogre
D:11 Snorg


Innate Abilities, Weirdness & Mutations

You can breathe wild blasts of lightning.
Your glossy black scales are hard. (AC +7)
You cannot fit into any form of body armour.
You are resistant to electric shocks. (rElec)
You are cold-blooded and may be slowed by cold attacks.


Message History

Snorg claws you!
* * * LOW HITPOINT WARNING * * *
You block Snorg's attack.
You take 37 damage, and have 31/99 hp.
GAME OVER YEAH!!
You now have 0/23 mp.
Snorg bites you!
* * * LOW HITPOINT WARNING * * *
Snorg closely misses you. Snorg claws you but does no damage.
You take 15 damage, and have 16/99 hp.
Really read
J - a scroll of blinking {!r}?
Blink to where?
As you read the scroll of blinking {!r}, it crumbles to dust.
Snorg rages.
You hear a shout!
You hear a shout! x2
Snorg is no longer berserk.
Snorg bites you!
* * * LOW HITPOINT WARNING * * *
Snorg claws you.
You die...

..# z.. #................. ..#
... #................. ..# ....
#................. ..#.....
#.................
'##...##########'################
......#........).......#.≈<≈...#
......#................#.≈≈≈...#
......#....<...........#.≈≈T...#
......#.........@T.....#.......#
...##########....##....##'#######
...... #..........#..............
...... #..........#..............
.......+..........#..............
.......#..........#..............
..######.>........###############
..#....#....#######
..#....#....#.....#

Skill      XL: |  1  2  3  4  5  6  7  8  9 10 11 |
---------------+----------------------------------+-----
Fighting       | 1 2 3 4 6 7 9 |  9.8
Conjurations   | 5 6 7 8 9 |  9.6
Spellcasting   | 3 4 5 6 7 8 |  8.5
Translocations | 3 6 |  6.0
Hexes          | 1 2 |  2.1
Air Magic      | 6 8 |  8.3
Dodging        | |  1.7
Stealth        | |  1.7

Notes
Turn   | Place    | Note
-------+----------+-------------------------------------------
     0 | D:1      | hehateme the Draconian Conjurer began the quest for the
                  | Orb.
     0 | D:1      | Reached XP level 1. HP: 14/14 MP: 3/3
    50 | D:1      | HP: 2/14 [dart slug/slug dart (6)]
   624 | D:1      | Reached XP level 2. HP: 22/22 MP: 3/5
   819 | D:1      | Reached skill level 1 in Fighting
  1555 | D:1      | Reached XP level 3. HP: 28/28 MP: 0/6
  1953 | D:2      | Found a faded altar of an unknown god.
  2292 | D:2      | Reached XP level 4. HP: 36/36 MP: 3/7
  2466 | D:2      | Found a shadowy altar of Dithmenos.
  2564 | D:2      | Reached skill level 5 in Conjurations
  2754 | D:2      | Reached skill level 2 in Fighting
  3262 | D:3      | Reached XP level 5. HP: 38/42 MP: 6/9
  3268 | D:3      | Reached skill level 3 in Spellcasting
  4164 | D:4      | Noticed a phantom
  4449 | D:4      | Got a warped quarterstaff
  4486 | D:4      | Found an iron altar of Okawaru.
  4962 | D:4      | Noticed Blork the orc
  5161 | D:4      | Killed a phantom
  5162 | D:4      | Reached skill level 3 in Fighting
  5162 | D:4      | Reached skill level 6 in Conjurations
  5162 | D:4      | Reached XP level 6. HP: 45/51 MP: 3/11
  5165 | D:4      | Learned a level 2 spell: Searing Ray
  5314 | D:5      | Entered Level 5 of the Dungeon
  6073 | D:5      | Identified the +7 quarterstaff "Wiavveiz" {drain, rF++
                  | Will+ Dex-3} (You found it on level 4 of the Dungeon)
  6103 | D:5      | Noticed an ice beast
  6344 | D:5      | Noticed Grinder
  6351 | D:5      | Killed Grinder
  6352 | D:5      | Reached skill level 4 in Fighting
  6352 | D:5      | Reached skill level 4 in Spellcasting
  6352 | D:5      | Reached skill level 7 in Conjurations
  6352 | D:5      | Your scales start taking on a glossy black colour.
  6352 | D:5      | Reached XP level 7. HP: 47/59 MP: 7/13
  6352 | D:5      | Gained mutation: You are resistant to electric shocks.
                  | (rElec) [Black Draconian growth]
  7491 | D:6      | Reached XP level 8. HP: 61/67 MP: 8/15
  7495 | D:6      | Reached skill level 5 in Fighting
  7674 | D:6      | Found a staircase to the Ecumenical Temple.
  7683 | Temple   | Entered the Ecumenical Temple
  7747 | Temple   | Became a worshipper of Vehumet
  8001 | D:7      | Found a sand-covered staircase.
  8008 | Ossuary  | Entered an ossuary
  8452 | Ossuary  | Reached skill level 8 in Conjurations
  8456 | Ossuary  | Reached * piety under Vehumet
  8456 | Ossuary  | Offered knowledge of Shock by Vehumet.
  8481 | Ossuary  | Reached skill level 5 in Spellcasting
  8488 | Ossuary  | HP: 14/69 [human zombie (8)]
  8494 | Ossuary  | HP: 9/69 [elf zombie (3)]
  9081 | D:7      | Learned a level 1 spell: Shock
  9343 | D:7      | Reached skill level 1 in Translocations
  9426 | D:7      | Noticed Sigmund
  9647 | D:7      | Found a shimmering blue altar of Sif Muna.
  9794 | D:8      | Learned a level 4 spell: Iskenderun's Mystic Blast
  9814 | D:8      | Reached skill level 6 in Fighting
  9814 | D:8      | Reached skill level 2 in Translocations
 10221 | D:8      | Reached skill level 3 in Translocations
 10221 | D:8      | Reached XP level 9. HP: 75/75 MP: 8/17
 10225 | D:8      | Noticed a two-headed ogre
 10244 | D:8      | Killed a two-headed ogre
 10245 | D:8      | Reached skill level 6 in Spellcasting
 10245 | D:8      | Reached skill level 4 in Translocations
 10653 | D:8      | Noticed a two-headed ogre
 10699 | D:8      | Reached skill level 7 in Fighting
 10699 | D:8      | Reached skill level 5 in Translocations
 11444 | D:8      | Noticed a centaur warrior
 12077 | D:7      | Noticed Sigmund
 12077 | D:7      | Sigmund changed into Sigmund the adder
 12080 | D:7      | Killed Sigmund the adder
 12176 | D:9      | Offered knowledge of Sandblast by Vehumet.
 12177 | D:9      | Reached ** piety under Vehumet
 12187 | D:9      | Found a flagged portal.
 12196 | Bailey   | Entered a bailey
 12539 | Bailey   | Offered knowledge of Ignite Poison by Vehumet.
 12706 | Bailey   | Reached skill level 6 in Translocations
 12835 | Bailey   | Reached skill level 1 in Hexes
 13016 | Bailey   | Reached *** piety under Vehumet
 13044 | Bailey   | Reached XP level 10. HP: 64/88 MP: 2/20
 13150 | Bailey   | Noticed an orc knight
 13225 | D:9      | Found a runed translucent door.
 13225 | D:9      | Noticed an ice dragon
 13225 | D:9      | Noticed a fire dragon
 13226 | D:9      | Found the +2 shield of Resistance {rF++ rC++ Will++}
 13226 | D:9      | Noticed a fire dragon
 13226 | D:9      | Noticed an ice dragon
 13300 | D:9      | Found a basalt altar of Yredelemnul.
 13403 | D:9      | Reached skill level 2 in Hexes
 13412 | D:9      | Learned a level 4 spell: Fulminant Prism
 13460 | D:9      | Found an opulent altar of Gozag.
 13563 | D:9      | Found a runed translucent door.
 13643 | D:9      | Found a staircase to the Orcish Mines.
 13881 | D:10     | Entered Level 10 of the Dungeon
 13897 | D:10     | Offered knowledge of Airstrike by Vehumet.
 14061 | D:9      | Learned a level 4 spell: Airstrike
 14091 | D:9      | Reached skill level 9 in Conjurations
 14124 | D:10     | Noticed a two-headed ogre
 14137 | D:9      | Reached skill level 8 in Fighting
 14137 | D:9      | Reached skill level 7 in Spellcasting
 14392 | D:10     | Reached skill level 1 in Air Magic
 14794 | D:10     | Noticed an ogre mage
 14839 | D:10     | Noticed Fannar
 14855 | D:10     | Killed Fannar
 14856 | D:10     | Reached skill level 3 in Air Magic
 14876 | D:10     | Noticed a green ugly thing
 15631 | D:10     | Paralysed by an ogre mage for 7 turns
 15905 | D:10     | Noticed a two-headed ogre
 16050 | D:11     | Noticed Snorg
 16149 | D:10     | Reached skill level 4 in Air Magic
 16606 | D:10     | Noticed an unseen horror
 16639 | D:10     | Killed an unseen horror
 16640 | D:10     | Reached skill level 5 in Air Magic
 17066 | D:10     | Reached skill level 9 in Fighting
 17340 | D:10     | Killed a two-headed ogre
 17341 | D:10     | Reached skill level 6 in Air Magic
 17489 | D:10     | Reached XP level 11. HP: 97/97 MP: 14/22
 17577 | D:10     | Paralysed by an ogre mage for 7 turns
 17584 | D:10     | Killed an ogre mage
 17585 | D:10     | Reached skill level 8 in Spellcasting
 17809 | D:10     | Reached **** piety under Vehumet
 17936 | D:10     | Noticed Josephine
 17943 | D:10     | Killed Josephine
 17944 | D:10     | Reached skill level 7 in Air Magic
 18001 | D:10     | Offered knowledge of Sticky Flame by Vehumet.
 18007 | D:10     | Learned a level 4 spell: Sticky Flame
 18259 | D:10     | Noticed a boulder beetle
 18283 | D:10     | HP: 34/145 [boulder beetle (5)]
 18286 | D:10     | Killed a boulder beetle
 18287 | D:10     | Reached skill level 8 in Air Magic
 18358 | D:10     | HP: 17/99 [ogre/+0 giant club (25)]
 18883 | D:10     | Found Ketucwol's General Store.
 18889 | D:10     | Bought a scroll of blinking for 112 gold pieces
 18889 | D:10     | Bought a potion of heal wounds for 75 gold pieces
 19177 | D:11     | HP: 16/99 [Snorg (15)]
 19186 | D:11     | HP: 3/99 [Snorg (16)]
 19186 | D:11     | Slain by Snorg

Table legend: (Time is in decaauts)
 A = Elapsed time spent in this place.
 B = Non-inter-level travel time spent in this place.
 C = Inter-level travel time spent in this place.
 D = Time resting spent in this place.
 E = Time spent auto-exploring this place.
 F = Levels seen in this place.
 G = Mean time per level.
                   A        B        C        D        E       F      G
               +--------+--------+--------+--------+--------+-----+--------+
         Total |  19321 |  18500 |    821 |   6707 |   8685 |  14 | 1380.1 |
       Dungeon |  17322 |  16553 |    769 |   5655 |   8300 |  11 | 1574.7 |
        Temple |    120 |     68 |     52 |      0 |     63 |   1 |  120.0 |
       Ossuary |    898 |    898 |      0 |    501 |    164 |   1 |  898.0 |
        Bailey |    980 |    980 |      0 |    551 |    157 |   1 |  980.0 |
               +--------+--------+--------+--------+--------+-----+--------+

Top non-repeatable levels by time:
    D:10: 3923 daAuts
     D:8: 2202 daAuts
     D:9: 2040 daAuts
     D:1: 1862 daAuts
     D:3: 1347 daAuts
     D:5: 1320 daAuts
     D:2: 1255 daAuts
     D:6: 1113 daAuts
     D:7: 1056 daAuts
  Bailey: 980 daAuts
     D:4: 973 daAuts
 Ossuary: 898 daAuts
    D:11: 227 daAuts
  Temple: 120 daAuts

Table legend:
 A = Kills in this place as a percentage of kills in entire the game.
 B = Kills by you in this place as a percentage of kills by you in the entire game.
 C = Kills by friends in this place as a percentage of kills by friends in the entire game.
 D = Other kills in this place as a percentage of other kills in the entire game.
 E = Experience gained in this place as a percentage of experience gained in the entire game.
 F = Experience gained in this place divided by the number of levels of this place that you have seen.
                   A       B       C       D       E      F
               +-------+-------+-------+-------+-------+----------------------
         Total | 100.0 | 100.0 |   N/A |   N/A | 100.0 | 1095.9
       Dungeon |  73.0 |  73.0 |   N/A |   N/A |  88.9 | 1240.5
       Ossuary |  11.9 |  11.9 |   N/A |   N/A |   2.9 | 451.0
        Bailey |  15.1 |  15.1 |   N/A |   N/A |   8.1 | 1246.0
               +-------+-------+-------+-------+-------+----------------------

Action                   |  1- 3 |  4- 6 |  7- 9 | 10-12 || total
-------------------------+-------+-------+-------+-------++-------
Melee: Unarmed           |     6 |       |       |       ||     6
       Dagger            |     8 |    24 |       |       ||    32
       Tailslap          |     4 |       |     4 |     5 ||    13
       Quarterstaff      |       |       |    89 |    23 ||   112
Throw: Boomerang         |       |       |    16 |       ||    16
 Cast: Magic Dart        |    84 |   202 |   301 |   260 ||   847
       Searing Ray       |       |     1 |    34 |    11 ||    46
       Shock             |       |       |     8 |       ||     8
       Iskenderun's Myst |       |       |     7 |    11 ||    18
       Airstrike         |       |       |       |    35 ||    35
       Fulminant Prism   |       |       |       |     4 ||     4
       Sticky Flame      |       |       |       |     6 ||     6
 Abil: Breathe Lightning |       |       |       |     5 ||     5
Evoke: Wand              |       |     3 |    13 |       ||    16
       Phial of floods   |       |       |       |     1 ||     1
  Use: Scroll            |       |    13 |     3 |     4 ||    20
       Potion            |       |       |     1 |     2 ||     3
Armor: Skin              |     5 |    25 |    73 |    68 ||   171
Dodge: Dodged            |    14 |    35 |   122 |   134 ||   305
Block: Other             |       |       |    46 |    56 ||   102
       Reflection        |       |       |     3 |     1 ||     4

Vanquished Creatures
  Josephine (D:10)
  An ogre mage (D:10)
  Fannar (D:10)
  A boulder beetle (D:10)
  2 two-headed ogres
  An unseen horror (D:10)
  Grinder (D:5)
  2 wyverns
  5 wraiths
  A basilisk (D:10)
  A water moccasin (D:10)
  2 ice beasts (D:8)
  10 orc warriors
  2 sky beasts (D:10)
  A phantom (D:4)
  5 centaurs
  3 ogres
  2 elf zombies (Ossuary)
  3 bullfrogs
  A wyvern zombie (D:10)
  A wyvern skeleton (D:8)
  A scorpion (D:7)
  4 killer bees
  4 wights
  3 howler monkeys
  4 centaur zombies
  A bullfrog zombie (D:9)
  A human zombie (Ossuary)
  3 jellies
  3 orc priests
  A bullfrog skeleton (D:8)
  A centaur skeleton (D:5)
  A quasit (D:7)
  7 hounds
  4 iguanas
  4 orc wizards
  10 worker ants
  2 mummies (Ossuary)
  A worker ant zombie (D:10)
  8 gnolls (Bailey)
  15 adders
  2 shadow imps
  3 white imps
  7 ufetubi
  An ooze (D:2)
  An adder skeleton (D:7)
  4 adder zombies
  3 worms
  3 dart slugs
  6 leopard geckos
  45 orcs
  6 giant cockroaches
  20 goblins
  18 hobgoblins
  4 jackals (D:3)
  4 quokkas
  A ball python (D:2)
  7 bats
  8 frilled lizards
  8 hobgoblin zombies (Ossuary)
  9 kobolds
  10 kobold zombies (Ossuary)
  A leopard gecko skeleton (D:5)
  9 orc zombies (Ossuary)
  2 quokka zombies
  10 rats
  A rat zombie (Ossuary)
318 creatures vanquished.

Vanquished Creatures (others)
  4 fulminant prisms
  2 plants (D:6)
6 creatures vanquished.

Grand Total: 324 creatures vanquished You could see Snorg (slow).

Levels and vault maps discovered:
D:1:      arrival_zaba_pyramid, layout_basic, minivault_5
D:2:      minmay_diamond_boxcup, layout_basic, nicolae_overflow_hidden_temple,
          chequers_ecumenical_altar_island, grunt_ministairs_1
D:3:      layout_basic
D:4:      layout_loops_ring, minitemple, okawaru_trees_1, uniq_blork_the_orc
D:5:      layout_loops_cross, uniq_grinder
D:6:      layout_loops_cross, minmay_temple_entry_gardened_gates,
          minmay_manual_mares
D:7:      layout_basic, led_sif_pool, chequers_ossuary_entry_cave,
          sigmund_edmund_badplayer
D:8:      layout_basic
D:9:      layout_basic, yredelemnul_altar_generic, grunt_gozag_statues,
          enter_bailey_3, minmay_guarded_unrand_resistance
D:10:     minmay_the_grid_octo_2x2 [minmay_the_grid_octo_teeth,
          minmay_the_grid_octo_horde, minmay_the_grid_octo_empty,
          minmay_the_grid_octo_prize_star], layout_stronghold, serial_shops,
          kennysheep_little_box, uniq_josephine, uniq_fannar
D:11:     layout_grid_maze, dpeg_oklobed_lair, minivault_16, uniq_urug,
          uniq_snorg
Temple:   regret_index_temple_waves
